 Dungeon Crawl Stone Soup version 0.28-a0-1613-gdaab1c2f9b (webtiles) character file.

Game seed: 561787961631207062

3099 funkygono the Arsonist (level 9, -1/46 HPs)
             Began as a Gargoyle Fire Elementalist on Jan 21, 2022.
             Was an Initiate of Vehumet.
             Killed from afar by Erica (16 damage)
             ... with a lance of force
             ... on level 8 of the Dungeon.
             The game lasted 00:15:14 (8406 turns).

funkygono the Arsonist (Gargoyle Fire Elementalist) Turns: 8406, Time: 00:15:14

Health: -1/46      AC: 15    Str: 12    XL:     9   Next: 90%
Magic:  10/21      EV:  6    Int: 20    God:    Vehumet [......]
Gold:   256        SH:  0    Dex: 10    Spells: 10/24 levels left

rFire   . . .      SeeInvis +   c - +1 club (venom)
rCold   . . .      Faith    .   (no shield)
rNeg    + . .      Spirit   .   j - +0 leather armour
rPois   ∞          Reflect  .   l - +2 helmet
rElec   +          Harm     .   q - +1 cloak
rCorr   .          Rampage  .   (no gloves)
Will    .....                   (no boots)
Stlth   ++........              (no amulet)
HPRegen 0.15/turn               h - ring of see invisible
MPRegen 0.17/turn               (no ring)

@: held
A: sickness immunity, AC +6, negative energy resistance 1, electricity
resistance, torment resistance 1, petrification resistance
a: Renounce Religion


You were on level 8 of the Dungeon.
You worshipped Vehumet.
Vehumet was noncommittal.
You visited 2 branches of the dungeon, and saw 9 of its levels.

You collected 256 gold pieces.

Inventory:

Hand Weapons
 b - a +0 whip of electrocution
 c - a +1 club of venom (weapon)
 n - a +0 mace
 p - a +2 dagger of holy wrath
 s - a +1 whip of freezing
Missiles
 g - 224 stones
 o - 2 throwing nets
Armour
 a - a +0 robe
 j - a +0 leather armour (worn)
 l - a +2 helmet (worn)
 q - a +1 cloak (worn)
 r - a +0 ring mail
Jewellery
 h - a ring of see invisible (left hand)
 w - a +4 ring of slaying
Wands
 f - a wand of digging (3)
 k - a wand of polymorph (11)
 y - a wand of paralysis (4)
Scrolls
 d - a scroll of teleportation
 i - a scroll of amnesia
 B - a scroll of identify
Potions
 e - a potion of might
 t - a potion of mutation
 u - a potion of brilliance
 v - a potion of lignification {unknown}
 x - a potion of cancellation {unknown}
 z - a potion of attraction {unknown}
 A - a potion of haste {unknown}


   Skills:
 + Level 0.5 Fighting
 + Level 2.8 Armour
 + Level 2.2 Dodging
 - Level 2.1 Stealth
 * Level 8.2 Spellcasting
 * Level 6.3 Conjurations
 * Level 8.4 Fire Magic


You had 10 spell levels left.
You knew the following spells:

 Your Spells              Type           Power      Damage    Failure   Level
a - Foxfire               Conj/Fire      100%       2x1d9     1%          1
b - Scorch                Fire           84%        2d9       1%          2
c - Conjure Flame         Conj/Fire      37%        6-21      1%          3
d - Flame Wave            Conj/Fire      37%        2d9       4%          4
e - Sticky Flame          Conj/Fire      37%        2d6       4%          4

Your spell library contained the following spells:

 Spells                   Type           Power      Damage    Failure   Level
 Inner Flame              Hex/Fire       25%        N/A       5%          3
 Ignite Poison            Fire/Tmut/Pois 19%        N/A       10%         3
 Corpse Rot               Necr/Air       16%        N/A       16%         2
 Dispel Undead            Necr           8%         3d8       71%         4
 Passage of Golubria      Tloc           8%         N/A       71%         4
 Silence                  Hex/Air        4%         N/A       96%         5
 Death Channel            Necr           4%         N/A       100%        6
 Lehudib's Crystal Spear  Conj/Erth      10%        10d4      100%        8


Dungeon Overview and Level Annotations

Branches:
Dungeon (8/15)             Temple (1/1) D:6
   Lair: D:8-11

Altars:
Ashenzari
Cheibriados
Dithmenos
Elyvilon
Fedhas
Gozag
Hepliaklqana
Kikubaaqudgha
Makhleb
Nemelex Xobeh
Okawaru
Qazlal
Ru
Sif Muna
Trog
Uskayaw
Vehumet
Wu Jian
Xom
Yredelemnul
Zin
The Shining One

Shops:
D:7 :[**

Annotations:
D:4 1 transporter, Somebody's ghost, amateur KoAM
D:8 Erica; Harold


Innate Abilities, Weirdness & Mutations

You are immune to sickness and miasma.
Your stone body is resilient. (AC +6)
You are immune to poison.
You resist negative energy. (rN+)
You are resistant to electric shocks. (rElec)
You are resistant to unholy torment.
You are immune to petrification.


Message History

Erica is heavily wounded.
You hear an angry hiss.
Harold the Weathered comes into view.
He is wielding a +0 glaive and carrying a wand of iceblast (6).
Erica hits you with a +1 scimitar of flaming.
Erica burns you.
Casting: Scorch (safe; 1% risk of failure)
Confirm with . or Enter, or press ? or * to list all spells.
You conjure some foxfire!
Erica hits you but does no damage.
Unknown command.
Casting: Foxfire (safe; 1% risk of failure)
Confirm with . or Enter, or press ? or * to list all spells.
Flames lash Erica.
Erica is heavily wounded.
The foxfire hits Erica but does no damage.
Erica is heavily wounded.
Erica gestures at you while chanting.
You are confused.
You hit Erica but do no damage.
Erica is poisoned.
Erica is heavily wounded.
Erica barely misses you.
You barely miss Erica.
Erica is heavily wounded.
Harold hits you from afar with a +0 glaive!
You miss Erica.
Erica is severely wounded.
Harold closely misses you.
Erica hits you with a +1 scimitar of flaming!
* * * LOW HITPOINT WARNING * * *
Erica burns you.
* * * LOW HITPOINT WARNING * * *
Harold throws a throwing net.
The throwing net hits you.
You become entangled in the net!
Erica hits you with a +1 scimitar of flaming.
* * * LOW HITPOINT WARNING * * *
Erica burns you.
* * * LOW HITPOINT WARNING * * *
You feel better. Harold hits you but does no damage.
Erica casts a spell at you. The lance of force hits you!
You die...

#.# ##.....#####.#
#####.####..#.).......
......##.....#....###.#
##..####..............#
#.## #.....##..####..
#.# #.....###.# #.#
####### #.# #.# #@###
##.##### #@.@# .......#
###....# .......# ###.#
.......### #
.........##
..<....#..##
.......##..#
####..####.###
##.##.###.


You could see Harold and Erica (poisoned, combustible).

Vanquished Creatures
  Joseph (D:8)
  A shadow (D:5)
  2 water moccasins
  An ice beast (D:5)
  A black bear (D:8)
  3 ogres
  3 necrophages
  2 sky beasts (D:7)
  A centaur (D:6)
  2 bullfrogs
  A gnoll sergeant (D:5)
  3 wights (D:7)
  5 killer bees (D:8)
  5 orc priests
  A centaur skeleton (D:6)
  A gnoll shaman (D:6)
  4 hounds
  2 jellies
  A bullfrog skeleton (D:6)
  7 iguanas
  An orc wizard (D:7)
  A hound skeleton (D:5)
  A howler monkey zombie (D:5)
  Robin (D:2)
  10 gnolls
  3 adders
  2 white imps
  An ufetubus (D:5)
  2 adder skeletons (D:4)
  2 worms
  4 dart slugs
  25 orcs
  3 ball pythons
  8 endoplasms
  5 giant cockroaches
  15 goblins
  8 hobgoblins
  5 jackals (D:2)
  5 bats
  2 frilled lizards
  4 kobolds
  2 rats
157 creatures vanquished.

Vanquished Creatures (others)
  3 bushes (D:6)
  541 foxfires
544 creatures vanquished.

Grand Total: 701 creatures vanquished

Notes
Turn   | Place    | Note
-------+----------+-------------------------------------------
     0 | D:1      | funkygono the Gargoyle Fire Elementalist began the quest
                  | for the Orb.
     0 | D:1      | Reached XP level 1. HP: 10/10 MP: 3/3
   145 | D:1      | You fall into a shaft and drop 1 floor!
   395 | D:1      | Reached XP level 2. HP: 15/15 MP: 1/5
   969 | D:2      | Noticed Robin
  1091 | D:1      | Learned a level 2 spell: Scorch
  1159 | D:2      | Killed Robin
  1160 | D:2      | Reached XP level 3. HP: 19/19 MP: 0/6
  1164 | D:2      | Learned a level 3 spell: Conjure Flame
  1708 | D:2      | Found a faded altar of an unknown god.
  1720 | D:2      | Reached XP level 4. HP: 24/24 MP: 6/8
  2409 | D:3      | Reached XP level 5. HP: 28/28 MP: 3/9
  2414 | D:3      | Learned a level 4 spell: Flame Wave
  2606 | D:3      | Noticed an ogre
  2669 | D:3      | Killed an ogre
  2670 | D:3      | Reached XP level 6. HP: 32/32 MP: 3/11
  2793 | D:3      | Reached skill level 1 in Armour
  3428 | D:4      | Noticed a necrophage
  3430 | D:4      | Noticed a necrophage
  3431 | D:4      | Killed a necrophage
  3432 | D:4      | Reached skill level 5 in Fire Magic
  3432 | D:4      | Reached XP level 7. HP: 36/36 MP: 7/13
  3579 | D:4      | Found a transporter.
  3579 | D:4      | Noticed Somebody's ghost (amateur KoAM)
  4307 | D:4      | Learned a level 4 spell: Sticky Flame
  4322 | D:5      | Entered Level 5 of the Dungeon
  4322 | D:5      | Noticed a shadow
  4326 | D:5      | Killed a shadow
  4327 | D:5      | Reached skill level 5 in Spellcasting
  4377 | D:5      | Reached XP level 8. HP: 42/42 MP: 10/16
  4589 | D:5      | Reached skill level 5 in Conjurations
  6064 | D:6      | Found a staircase to the Ecumenical Temple.
  6074 | Temple   | Entered the Ecumenical Temple
  6091 | Temple   | Became a worshipper of Vehumet
  6504 | D:7      | Reached XP level 9. HP: 46/46 MP: 12/19
  7177 | D:7      | Found Zeegebum's General Store.
  7193 | D:7      | Found Qudawneot's General Store.
  7272 | D:7      | Found Yhuckex's Antique Armour Shoppe.
  7279 | D:7      | Found Woceaq Wale's Book Emporium.
  7536 | D:7      | Found a blossoming altar of Fedhas.
  7892 | D:8      | Noticed Joseph
  7899 | D:8      | Paralysed by Joseph for 7 turns
  7912 | D:8      | Killed Joseph
  8392 | D:8      | Noticed Erica
  8400 | D:8      | Noticed Harold
  8406 | D:8      | Killed from afar by Erica

Illustrated notes

Levels and vault maps discovered:
D:1:      nzn_arrival_depleted_hourglass, layout_loops_ring
D:2:      layout_rooms, ebering_ecumenical_altar_hall, serial_rivers,
          chequers_serial_rivers_large_b, chequers_serial_rivers_micro_b,
          chequers_serial_rivers_small_b, chequers_serial_rivers_marsh,
          uniq_robin
D:3:      layout_rooms
D:4:      layout_rooms, gammafunk_ghost_stat_death, kennysheep_nondescript
D:5:      nicolae_cairo_tiling, layout_rooms, serial_corexii_hall,
          corexii_hall_statues_u, corexii_hall_statues_l
D:6:      minmay_klotski, layout_basic, minmay_temple_entry_poolview
D:7:      layout_cave_pods, lemuel_doored_altar, serial_shops,
          nicolae_shop_crystal, nicolae_take_the_stairs, shop, shop
D:8:      layout_rooms, fungi_pond_lemuel, minmay_misc_feat_four_crosses,
          grunt_decor_resistance, serial_bayou_crossing, uniq_joseph,
          uniq_harold, uniq_erica
Temple:   compressed_dpeg_circular_temple

Skill      XL: |  1  2  3  4  5  6  7  8  9 |
---------------+----------------------------+-----
Conjurations   | 2 3 4 5 6 |  6.3
Spellcasting   | 3 4 5 6 8 |  8.2
Fire Magic     | 4 5 7 8 |  8.4
Armour         | 1 2 |  2.8
Dodging        | 2 |  2.2
Fighting       | |  0.5
Stealth        | |  2.1

Action                   |  1- 3 |  4- 6 |  7- 9 || total
-------------------------+-------+-------+-------++-------
Melee: Club              |       |     6 |    17 ||    23
       Punch             |       |     1 |       ||     1
 Cast: Foxfire           |    53 |    86 |   187 ||   326
       Scorch            |     2 |     6 |    51 ||    59
       Flame Wave        |       |       |     3 ||     3
       Conjure Flame     |       |       |     1 ||     1
  Use: Scroll            |       |     8 |     4 ||    12
       Potion            |       |       |     5 ||     5
Armor: Leather armour    |     3 |     5 |    41 ||    49
Dodge: Dodged            |     4 |     7 |    57 ||    68

Table legend: (Time is in decaauts)
 A = Elapsed time spent in this place.
 B = Non-inter-level travel time spent in this place.
 C = Inter-level travel time spent in this place.
 D = Time resting spent in this place.
 E = Time spent auto-exploring this place.
 F = Levels seen in this place.
 G = Mean time per level.
                   A        B        C        D        E       F      G
               +--------+--------+--------+--------+--------+-----+--------+
         Total |   8447 |   8214 |    233 |   1475 |   5445 |   9 |  938.6 |
       Dungeon |   8316 |   8121 |    195 |   1475 |   5373 |   8 | 1039.5 |
        Temple |    131 |     93 |     38 |      0 |     72 |   1 |  131.0 |
               +--------+--------+--------+--------+--------+-----+--------+

Top non-repeatable levels by time:
     D:7: 1355 daAuts
     D:1: 1232 daAuts
     D:2: 1174 daAuts
     D:5: 1093 daAuts
     D:4: 983 daAuts
     D:3: 969 daAuts
     D:6: 954 daAuts
     D:8: 552 daAuts
  Temple: 131 daAuts
